 Dungeon Crawl Stone Soup version 0.27-a0-1202-ge72e49191c (webtiles) character file.

Game seed: 9104500867987415706

13484 miscthings the Thaumaturge (level 12, -9/81 HPs)
             Began as a Djinni Conjurer on June 5, 2021.
             Was an Elder of Makhleb.
             Killed from afar by an ice statue (58 damage)
             ... with a bolt of cold
             ... in an ice cave.
             The game lasted 00:22:35 (10910 turns).

miscthings the Thaumaturge (Djinni Conjurer)       Turns: 10910, Time: 00:22:35

Health: -9/81      AC:  8    Str:  6    XL:     12   Next: 33%
Gold:   430        EV: 13    Int: 23    God:    Makhleb [****..] SH: 14 Dex: 14

rFire    + + .     SeeInvis .   s - staff of death
rCold    x . .     Faith    .   l - +0 kite shield
rNeg     + . .     Spirit   .   a - +0 robe
rPois    ∞         Reflect  +   n - +2 helmet
rElec    .         Harm     .   H - +2 cloak
rCorr    .         Rampage  .   (no gloves)
Will     +....                  (boots unavailable)
Stlth    ++........             r - amulet of reflection
HPRegen  0.23/turn              (no ring)
MPRegen  0.00/turn              (no ring)

@: flying
A: sickness immunity, fire resistance 2, cold vulnerability 1, float, innate
caster, hp casting, extra vitality 1
a: Renounce Religion, Minor Destruction, Lesser Servant of Makhleb, Major
Destruction


You were in an ice cave.
You worshipped Makhleb.
Makhleb was greatly pleased with you.
You visited 3 branches of the dungeon, and saw 12 of its levels.
You also visited: Bailey and Ice Cave.

You collected 805 gold pieces.
You spent 375 gold pieces at shops.

Inventory:

Missiles
 h - 4 throwing nets
 J - a curare-tipped dart
Armour
 a - a +0 robe (worn)
 l - a +0 kite shield (worn)
 m - a +0 buckler
 n - a +2 helmet (worn)
 H - a +2 cloak (worn)
 I - the +2 chain mail of Snakes and Ladders {rElec Stlth+}
   (You bought it in a shop on level 5 of the Dungeon)

   It insulates you from electricity.
   It makes you more stealthy.
Magical Staves
 s - a staff of death (weapon)
 A - a staff of poison
Jewellery
 r - an amulet of reflection (around neck)
 M - a ring of willpower
Wands
 q - a wand of digging (7)
 C - a wand of iceblast (10)
 L - a wand of flame (20)
 V - a wand of paralysis (9)
Scrolls
 b - 8 scrolls of enchant armour
 c - 8 scrolls of enchant weapon
 d - 6 scrolls of teleportation
 e - a scroll of immolation
 i - a scroll of fog
 w - a scroll of summoning
 y - a scroll of vulnerability {unknown}
 B - a scroll of blinking {unknown}
 E - a scroll of acquirement {unknown}
 K - a scroll of silence {unknown}
Potions
 f - 4 potions of attraction
 g - a potion of lignification
 j - 2 potions of heal wounds
 k - 5 potions of might
 o - 4 potions of curing
 p - a potion of brilliance
 t - 3 potions of haste
 x - a potion of mutation
 D - a potion of invisibility
Miscellaneous
 F - a phantom mirror


   Skills:
 + Level 5.6 Fighting
 + Level 6.5 Dodging
 - Level 1.5 Stealth
 + Level 6.1 Shields
 * Level 12.0 Spellcasting
 + Level 5.5 Evocations


You had 6 spell levels left.
You knew the following spells:

 Your Spells              Type           Power      Damage    Failure   Level
a - Searing Ray           Conj           100%       3d7       1%          2
b - Magic Dart            Conj           100%       1d8       1%          1
c - Dazzling Flash        Conj/Hex       100%       N/A       1%          3
d - Fulminant Prism       Conj/Hex       31%        3d16      1%          4
e - Iskenderun's Mystic   Conj/Tloc      62%        2d13      1%          4
f - Sting                 Tmut/Pois      100%       1d8       1%          1
g - Passwall              Tmut/Erth      51%        N/A       1%          2
h - Ignite Poison         Fire/Tmut/Pois 62%        N/A       1%          3
i - Dispel Undead         Necr           80%        3d26      1%          4
j - Alistair's Intoxicat  Tmut/Pois      41%        N/A       2%          5
Your spell library was empty.

Dungeon Overview and Level Annotations

Branches:
Dungeon (9/15)             Temple (1/1) D:4            Lair (2/6) D:8
 Bailey (visited)           IceCv (1/1)
  Swamp: Lair:2-4    Shoals: Lair:2-4     Snake: Lair:2-4    Spider: Lair:2-4
    Orc: D:9-12

Altars:
Ashenzari
Cheibriados
Dithmenos
Elyvilon
Fedhas
Gozag
Hepliaklqana
Kikubaaqudgha
Makhleb
Nemelex Xobeh
Okawaru
Qazlal
Ru
Sif Muna
Trog
Uskayaw
Vehumet
Wu Jian
Xom
Yredelemnul
Zin
The Shining One

Shops:
D:3 (   D:5 [*[?*   D:9 (

Annotations:
D:5 1 runed translucent door, freelancePsychic's ghost, novice GnWn IceCv exclusion: 2 ice statues


Innate Abilities, Weirdness & Mutations

You are immune to sickness and miasma.
You are immune to poison.
Your flesh is very heat resistant. (rF++)
You are vulnerable to cold. (rC-)
You float through the air rather than walking.
You learn spells naturally, not from books.
Your magical power is your life essence.
You have superior vitality. (+4 HP)


Message History

You kill the ice devil!
Makhleb accepts your kill.
You can now hurl Makhleb's greater destruction.
Your Spellcasting skill increases to level 12!
You start resting.
A white imp comes into view.
Casting: Fulminant Prism (mildly dangerous; 1% risk of failure)
Confirm with . or Enter, or press ? or * to list all spells.
Okay, then.
Casting: Fulminant Prism (mildly dangerous; 1% risk of failure)
Confirm with . or Enter, or press ? or * to list all spells.
Aiming: Searing Ray (safe; 1% risk of failure)
Press: ? - help, Shift-Dir - straight line, f - white imp
Aim: a white imp (83% to hit)
The searing ray hits the white imp!
You kill the white imp!
Makhleb accepts your kill.
You feel better. (Press . to maintain the ray.)
Casting: Searing Ray (safe; 1% risk of failure)
Confirm with . or Enter, or press ? or * to list all spells.
Aiming: Fulminant Prism (mildly dangerous; 1% risk of failure)
Press: ? - help, Dir - move target You conjure a prism of explosive energy!
A fulminant prism comes into view.
Your fulminant prism crackles loudly.
Your fulminant prism explodes!
Casting: Fulminant Prism (mildly dangerous; 1% risk of failure)
Confirm with . or Enter, or press ? or * to list all spells.
Aiming: Fulminant Prism (mildly dangerous; 1% risk of failure)
Press: ? - help, Dir - move target You conjure a prism of explosive energy!
A fulminant prism comes into view.
Your fulminant prism crackles loudly.
Your fulminant prism explodes!
Really fly into a travel-excluded area?
The ice statue gestures at you. The bolt of cold hits you!!!
You feel a terrible chill!
Ouch! That really hurt!
You die...

##### ##...#####
##........## #
#..........## .#
##..........#...
#...............
#............#
#......@...#
#8#....#8###
####..#### ##..#
##..## #..##
#...## ##...##
##...#


You could see 2 ice statues.

Vanquished Creatures
  2 hydras (Lair:2)
  An orc knight (Bailey)
  4 oklob plants (Lair:1)
  A black mamba (Lair:2)
  6 cane toads
  2 komodo dragons
  A kobold demonologist (D:9)
  An ice devil (IceCv)
  A meliai zombie (D:6)
  A vampire (D:6)
  A wyvern (D:7)
  9 yaks
  A steam dragon (D:6)
  3 water moccasins
  A sky beast (D:7)
  2 ice beasts
  16 orc warriors
  2 necrophages
  An ogre (D:6)
  2 centaurs
  3 kobold brigands (D:9)
  4 bullfrogs
  A scorpion (D:5)
  2 wyvern zombies
  A wyvern skeleton (D:7)
  A water moccasin skeleton (D:3)
  3 killer bees (D:9)
  4 howler monkeys (D:8)
  A centaur zombie (D:9)
  A bullfrog zombie (D:7)
  9 orc priests
  Crazy Yiuf (D:7)
  3 centaur skeletons
  5 hounds
  3 jellies
  2 gnoll shamans
  2 iguanas
  10 orc wizards
  A hound skeleton (D:5)
  A howler monkey zombie (D:8)
  26 gnolls
  3 adders
  A shadow imp (D:7)
  9 white imps
  8 ufetubi
  An adder skeleton (D:4)
  A worm (D:2)
  A dart slug (D:2)
  60 orcs
  7 endoplasms
  2 giant cockroaches
  5 goblins
  6 hobgoblins
  4 jackals (D:3)
  2 quokkas
  9 ball pythons
  3 bats (D:1)
  3 frilled lizards (D:3)
  9 kobolds
  8 rats
  5 fulminant prisms
289 creatures vanquished.

Vanquished Creatures (others)
  A white imp (IceCv)
  2 ufetubi (IceCv)
  53 fulminant prisms
  6 fungi
  4 plants
66 creatures vanquished.

Grand Total: 355 creatures vanquished

Notes
Turn   | Place    | Note
-------+----------+-------------------------------------------
     0 | D:1      | miscthings the Djinni Conjurer began the quest for the Orb.
     0 | D:1      | Reached XP level 1. HP: 15/15 MP: 0/0
   249 | D:1      | Reached XP level 2. HP: 14/21 MP: 0/0
   879 | D:1      | Reached XP level 3. HP: 23/25 MP: 0/0
   879 | D:1      | Learned a level 1 spell: Sting
  1050 | D:2      | Reached skill level 4 in Spellcasting
  1250 | D:2      | Reached XP level 4. HP: 20/31 MP: 0/0
  1967 | D:3      | Reached XP level 5. HP: 19/35 MP: 0/0
  1967 | D:3      | Learned a level 2 spell: Passwall
  2115 | D:3      | Found Muetesem's Weapon Emporium.
  2165 | D:3      | Reached skill level 5 in Spellcasting
  2663 | D:3      | Reached XP level 6. HP: 33/40 MP: 0/0
  2935 | D:4      | Found a staircase to the Ecumenical Temple.
  2935 | D:4      | Noticed a necrophage
  2943 | D:4      | Killed a necrophage
  2970 | Temple   | Entered the Ecumenical Temple
  3155 | D:4      | Reached skill level 6 in Spellcasting
  3362 | D:4      | Reached XP level 7. HP: 41/45 MP: 0/0
  3362 | D:4      | Learned a level 3 spell: Ignite Poison
  4120 | D:5      | Entered Level 5 of the Dungeon
  4193 | D:5      | Reached skill level 7 in Spellcasting
  4193 | D:5      | Found a runed translucent door.
  4198 | D:5      | Noticed freelancePsychic's ghost (novice GnWn)
  4201 | D:5      | Found Bory's Assorted Antiques.
  4212 | D:5      | Bought a scroll labelled IPHO PE GAFYPH for 24 gold pieces
  4212 | D:5      | Bought 3 scrolls labelled VIHECZ SESOELA for 72 gold pieces
  4212 | D:5      | Bought a scroll labelled VIHECZ SESOELA for 24 gold pieces
  4212 | D:5      | Bought a scroll labelled ENINTEHUPN for 24 gold pieces
  4212 | D:5      | Bought a blue potion for 21 gold pieces
  4278 | D:5      | Found Samiciad's Armour Shoppe.
  4377 | D:5      | Reached XP level 8. HP: 31/50 MP: 0/0
  4693 | D:5      | Found Dypraaj's Magic Scroll Shop.
  4803 | D:5      | Found Zocit's Armour Boutique.
  4819 | D:5      | Found Ihickud's Assorted Antiques.
  4827 | D:5      | Bought a fuming coppery potion for 15 gold pieces
  4827 | D:5      | Bought a scroll labelled YBLOFR GYEL for 17 gold pieces
  4827 | D:5      | Bought a scroll labelled PEAGE TYTU for 17 gold pieces
  4899 | D:5      | Reached skill level 8 in Spellcasting
  5604 | D:6      | Found a burning altar of Makhleb.
  5608 | D:6      | Became a worshipper of Makhleb the Destroyer
  5614 | D:6      | Found an ornate altar of the Wu Jian Council.
  5617 | D:6      | Found a stormy altar of Qazlal.
  5664 | D:6      | Reached skill level 1 in Shields
  5664 | D:6      | Reached skill level 9 in Spellcasting
  5664 | D:6      | Reached XP level 9. HP: 16/55 MP: 0/0
  5664 | D:6      | Learned a level 4 spell: Dispel Undead
  6442 | D:7      | Found a burning altar of Makhleb.
  6448 | D:7      | Reached skill level 10 in Spellcasting
  6696 | D:7      | Found a flagged portal.
  6746 | Bailey   | Entered a bailey
  6752 | Bailey   | Reached * piety under Makhleb
  6753 | Bailey   | Reached XP level 10. HP: 54/60 MP: 0/0
  6957 | Bailey   | Noticed an orc knight
  6963 | Bailey   | Reached skill level 1 in Fighting
  6963 | Bailey   | Reached skill level 1 in Evocations
  6968 | Bailey   | Killed an orc knight
  6968 | Bailey   | Reached ** piety under Makhleb
  7482 | D:7      | Found a runed translucent door.
  7483 | D:7      | Noticed Crazy Yiuf
  7574 | D:7      | Killed Crazy Yiuf
  7748 | D:8      | Found a staircase to the Lair.
  7855 | D:8      | Reached skill level 11 in Spellcasting
  8470 | D:9      | Found Ixulounk's Antique Weapon Shoppe.
  8622 | D:5      | Bought a bloodstained chain mail for 161 gold pieces
  8622 | D:5      | Identified the +2 chain mail of Snakes and Ladders {rElec
                  | Stlth+} (You bought it in a shop on level 5 of the Dungeon)
  8812 | D:9      | Noticed a kobold demonologist
  8829 | D:9      | Killed a kobold demonologist
  8830 | D:9      | Reached XP level 11. HP: 48/71 MP: 0/0
  8830 | D:9      | Learned a level 5 spell: Alistair's Intoxication
  8863 | D:9      | Reached *** piety under Makhleb
  9317 | Lair:1   | Entered Level 1 of the Lair of Beasts
  9337 | Lair:1   | Reached skill level 5 in Dodging
  9345 | Lair:1   | Noticed an oklob plant
  9345 | Lair:1   | Noticed an oklob plant
  9351 | Lair:1   | Reached skill level 5 in Shields
 10347 | Lair:1   | Noticed an oklob plant
 10347 | Lair:1   | Noticed an oklob plant
 10359 | Lair:1   | Killed an oklob plant
 10363 | Lair:1   | Killed an oklob plant
 10369 | Lair:1   | Killed an oklob plant
 10369 | Lair:1   | Killed an oklob plant
 10452 | Lair:2   | Noticed an eight-headed hydra
 10458 | Lair:2   | Killed an eight-headed hydra
 10459 | Lair:2   | Reached skill level 5 in Fighting
 10459 | Lair:2   | Reached skill level 5 in Evocations
 10459 | Lair:2   | Reached XP level 12. HP: 74/81 MP: 0/0
 10576 | Lair:2   | Noticed a five-headed hydra
 10581 | Lair:2   | Killed a five-headed hydra
 10739 | Lair:2   | Found a frozen archway.
 10750 | IceCv    | Entered an ice cave
 10878 | IceCv    | Reached **** piety under Makhleb
 10879 | IceCv    | Reached skill level 12 in Spellcasting
 10910 | IceCv    | Killed from afar by an ice statue

Illustrated notes

Levels and vault maps discovered:
D:1:      minmay_arrival_up_and_down, layout_basic
D:2:      layout_loops_ring, basic_altar
D:3:      layout_basic, serial_shops, shop_statue
D:4:      layout_basic, minmay_temple_entry_trees, guppyfry_early_orc_mine
D:5:      layout_basic, ebering_ghost_sewer_d, serial_shops, shop, shop, shop,
          shop, nicolae_shop_stone
D:6:      layout_basic, grunt_temple_overflow_cloverleaf
D:7:      layout_rooms, enter_bailey_8, david_defended_altar_orc,
          uniq_crazy_yiuf_cottage
D:8:      layout_cave_pools, lair_entry_dummy, hangedman_decor_diamond_cutter
D:9:      layout_long_grid, serial_shops, shop
Temple:   hc_temple_tempest_star
Lair:1:   layout_regular_city, minmay_stone_trees_small,
          minmay_lair_oklob_chamber, serial_bayou_shore_b,
          infiniplex_staircase_pool_2, serial_bayou_shore_a, grunt_megastairs_2
Lair:2:   layout_roguey, portal_ice_cave_entry_pillars_1, lemuel_fruit_fields
IceCv:    ice_cave_small_demon

Skill      XL: |  1  2  3  4  5  6  7  8  9 10 11 12 |
---------------+-------------------------------------+-----
Spellcasting   | 4 5 6 7 9 10 11 12 | 12.0
Shields        | 1 2 4 5 6 |  6.1
Fighting       | 3 5 |  5.6
Evocations     | 3 5 |  5.5
Dodging        | 4 6 |  6.5
Stealth        | |  1.5

Action                   |  1- 3 |  4- 6 |  7- 9 | 10-12 || total
-------------------------+-------+-------+-------+-------++-------
 Cast: Magic Dart        |    21 |       |     2 |       ||    23
       Searing Ray       |    21 |    35 |    56 |    71 ||   183
       Iskenderun's Myst |       |     2 |     9 |    21 ||    32
       Fulminant Prism   |       |       |     7 |    51 ||    58
       Alistair's Intoxi |       |       |       |     1 ||     1
  Use: Scroll            |       |     6 |     5 |    15 ||    26
       Potion            |       |       |     1 |       ||     1
Armor: Robe              |     1 |     2 |    12 |     7 ||    22
Dodge: Dodged            |     1 |     4 |    25 |    14 ||    44
Block: Buckler           |       |     2 |    10 |     9 ||    21
       Reflection        |       |       |       |     1 ||     1
       Kite shield       |       |       |       |     8 ||     8
       Rpst.: Falchion   |       |       |       |     3 ||     3

Table legend: (Time is in decaauts)
 A = Elapsed time spent in this place.
 B = Non-inter-level travel time spent in this place.
 C = Inter-level travel time spent in this place.
 D = Time resting spent in this place.
 E = Time spent auto-exploring this place.
 F = Levels seen in this place.
 G = Mean time per level.
                   A        B        C        D        E       F      G
               +--------+--------+--------+--------+--------+-----+--------+
         Total |  10912 |  10150 |    762 |   2509 |   5754 |  14 |  779.4 |
       Dungeon |   8919 |   8286 |    633 |   2149 |   4788 |   9 |  991.0 |
        Temple |    108 |    101 |      7 |      0 |     96 |   1 |  108.0 |
          Lair |   1220 |   1099 |    121 |      0 |    773 |   2 |  610.0 |
        Bailey |    503 |    503 |      0 |    254 |     92 |   1 |  503.0 |
      Ice Cave |    159 |    159 |      0 |    106 |      5 |   1 |  159.0 |
               +--------+--------+--------+--------+--------+-----+--------+

Top non-repeatable levels by time:
     D:3: 1268 daAuts
     D:6: 1260 daAuts
     D:5: 1159 daAuts
     D:8: 1065 daAuts
     D:1: 1047 daAuts
  Lair:1: 923 daAuts
     D:4: 888 daAuts
     D:2: 807 daAuts
     D:7: 748 daAuts
     D:9: 673 daAuts
  Bailey: 503 daAuts
  Lair:2: 297 daAuts
   IceCv: 159 daAuts
  Temple: 108 daAuts
